 Dungeon Crawl Stone Soup version 0.31-a0-1236-gaa9e43cceb (webtiles) character file.

Game seed: 4054594777151623423

551 Ivernyr the Shield-Bearer (level 7, -2/55 HPs)
             Began as a Formicid Fighter on Dec 15, 2023.
             Slain by Prince Ribbit (12 damage)
             ... on level 5 of the Dungeon.
             The game lasted 00:09:53 (4125 turns).

Ivernyr the Shield-Bearer (Formicid Fighter)        Turns: 4125, Time: 00:09:53

Health: -2/55      AC: 11    Str: 23    XL:     7   Next: 54%
Magic:  7/7        EV:  9    Int:  7    God:
Gold:   192        SH:  5    Dex: 13    Spells: 6/6 levels left

rFire   . . .        a - +0 quarterstaff
rCold   . . .        c - +0 buckler {AC+3}
rNeg    . . .        b - +0 scale mail
rPois   .            (helmet unavailable)
rElec   .            (no cloak)
rCorr   .            (no gloves)
SInv    +            o - +0 pair of boots
Will    .....        (no amulet) Stlth
                     (no ring)
HPRegen 0.29/turn    (no ring)
MPRegen 0.10/turn

%: no passive effects
@: no status effects
A: permanent stasis, dig shafts and tunnels, antennae 3, four strong arms
a: Dig, Shaft Self


You were on level 5 of the Dungeon.
You visited 1 branch of the dungeon, and saw 5 of its levels.

You collected 192 gold pieces.

Inventory:

Hand Weapons
 a - a +0 quarterstaff (weapon)
Armour
 b - a +0 scale mail (worn)
 c - a +0 buckler of protection (worn)
 o - a +0 pair of boots (worn)
Scrolls
 f - 3 scrolls of identify {unknown}
 g - a scroll of summoning {unknown}
 i - a scroll of enchant armour {unknown}
 p - a scroll of teleportation {unknown}
Potions
 d - a potion of might
 h - a potion of berserk rage {unknown}
 j - a potion of resistance {unknown}
 k - a potion of enlightenment {unknown}
 l - a potion of lignification {unknown}
 m - 2 potions of attraction {unknown}
 n - a potion of cancellation {unknown}


   Skills:
 + Level 4.9 Fighting
 * Level 5.1 Staves
 + Level 4.9 Armour
 + Level 5.9 Shields


You had 6 spell levels left.
You didn't know any spells.
Your spell library contained the following spells:

 Spells                   Type           Power      Damage    Failure   Level
 Summon Ice Beast         Ice/Summ       0%         N/A       100%        4
 Summon Mana Viper        Hex/Summ       0%         N/A       100%        5
 Monstrous Menagerie      Summ           0%         N/A       100%        7


Dungeon Overview and Level Annotations

Branches:
Dungeon (5/15)
 Temple: D:4-7

Altars:
Elyvilon

Annotations:
D:5 Prince Ribbit


Innate Abilities, Weirdness & Mutations

You cannot be hasted, slowed, berserked, paralysed or teleported.
You can dig through walls and to a lower floor.
You have a pair of large antennae on your head. (SInv)
Your four strong arms can wield two-handed weapons with a shield.


Message History

Prince Ribbit blinks!
Prince Ribbit blinks!
Prince Ribbit closely misses you.
Things that are here:
a +0 flail; a +0 club; a gnoll corpse
There is a stone staircase leading up, spattered with blood here.
You miss Prince Ribbit.
Prince Ribbit is heavily wounded.
Prince Ribbit hits you.
* * * LOW HITPOINT WARNING * * *
You sock Prince Ribbit!
Prince Ribbit is severely wounded.
Prince Ribbit hits you but does no damage. x2
You feel better. Prince Ribbit misses you.
You closely miss Prince Ribbit.
Prince Ribbit is severely wounded.
Prince Ribbit hits you.
Prince Ribbit blinks!
Things that are here:
a +0 flail; a +0 club; a gnoll corpse Prince Ribbit hits you but does no damage.
You closely miss Prince Ribbit.
Prince Ribbit is severely wounded.
Prince Ribbit hits you.
You barely miss Prince Ribbit.
Prince Ribbit is severely wounded.
Prince Ribbit hits you but does no damage.
Prince Ribbit hits you!
* * * LOW HITPOINT WARNING * * *
You barely miss Prince Ribbit.
Prince Ribbit is severely wounded.
Prince Ribbit sighs, "It's not easy being green!"
Prince Ribbit blinks!
You miss Prince Ribbit.
Prince Ribbit is severely wounded.
Prince Ribbit hits you.
* * * LOW HITPOINT WARNING * * *
Prince Ribbit misses you.
You hit Prince Ribbit.
Prince Ribbit is severely wounded.
Prince Ribbit hits you!
You die...

### #<#
#)# #F#
#@# #ยง#
##.# ##..#
#.# #...#
#.# {
##.## #.#
{ #.#
#.#### {
#.# #)...#
, #.#
#....##.##


You could see Prince Ribbit.

Vanquished Creatures
  2 scorpions (D:4)
  3 hounds (D:4)
  A gnoll bouda (D:5)
  An orc wizard (D:3)
  Terence (D:2)
  Natasha (thrice) (D:2)
  Robin (D:2)
  6 gnolls
  2 adders (D:4)
  3 worms
  4 dart slugs
  4 orcs
  8 endoplasms
  3 giant cockroaches (D:1)
  14 goblins
  10 hobgoblins
  2 jackals (D:4)
  A quokka (D:4)
  7 ball pythons
  5 bats
  2 frilled lizards (D:1)
  8 kobolds
  6 rats
97 creatures vanquished.

Notes
Turn   | Place    | Note
-------+----------+-------------------------------------------
     0 | D:1      | Ivernyr the Formicid Fighter began the quest for the Orb.
     0 | D:1      | Reached XP level 1. HP: 18/18 MP: 1/1
    79 | D:1      | Reached XP level 2. HP: 24/24 MP: 2/2
   225 | D:1      | Reached XP level 3. HP: 29/29 MP: 3/3
   232 | D:1      | Found a faded altar of an unknown god.
  1306 | D:2      | Reached XP level 4. HP: 37/37 MP: 4/4
  1306 | D:2      | Noticed Terence
  1317 | D:2      | Killed Terence
  1368 | D:2      | Noticed Natasha
  1377 | D:2      | Killed Natasha
  1378 | D:2      | Reached XP level 5. HP: 29/42 MP: 5/5
  1427 | D:2      | Found a white marble altar of Elyvilon.
  1533 | D:2      | Noticed Natasha
  1541 | D:2      | Killed Natasha
  1671 | D:2      | Noticed Robin
  1716 | D:2      | Killed Robin
  1717 | D:2      | Reached skill level 5 in Shields
  1733 | D:2      | Noticed Natasha
  1749 | D:2      | Killed Natasha
  2288 | D:3      | Reached XP level 6. HP: 47/48 MP: 6/6
  3129 | D:4      | Reached XP level 7. HP: 51/55 MP: 7/7
  3767 | D:5      | Entered Level 5 of the Dungeon
  3789 | D:5      | Noticed Prince Ribbit
  3808 | D:5      | Reached skill level 5 in Staves
  4125 | D:5      | Slain by Prince Ribbit

Illustrated notes

Levels and vault maps discovered:
D:1:      saegor_arrival_miasma, layout_basic, serial_glass, glass_columns_b,
          glass_columns_c, shapermc_ecumenical_altar_totnotflames
D:2:      layout_basic, basic_altar, minmay_pentomino_s2, uniq_robin,
          uniq_natasha, uniq_terence
D:3:      layout_basic, minmay_surrounded
D:4:      layout_basic
D:5:      layout_basic, gammafunk_temple_overflow_elements, uniq_prince_ribbit1,
          uniq_edmund

Skill      XL: |  1  2  3  4  5  6  7 |
---------------+----------------------+-----
Staves         | 3 4 5 |  5.1
Fighting       | 4 |  4.9
Armour         | 4 |  4.9
Shields        | 5 |  5.9

Action                     |  1- 3 |  4- 6 |  7- 9 || total
---------------------------+-------+-------+-------++-------
  Melee: Quarterstaff      |    96 |   179 |    92 ||   367
Ability: Dig               |       |     1 |       ||     1
    Use: Potion            |       |       |     3 ||     3
 Armour: Scale mail        |    57 |   121 |    76 ||   254
  Dodge: Dodged            |    40 |    48 |    30 ||   118
  Block: Buckler           |    23 |    44 |    18 ||    85

Table legend: (Time is in decaauts)
 A = Elapsed time spent in this place.
 B = Non-inter-level travel time spent in this place.
 C = Inter-level travel time spent in this place.
 D = Time resting spent in this place.
 E = Time spent auto-exploring this place.
 F = Levels seen in this place.
 G = Mean time per level.
                   A        B        C        D        E       F      G
               +--------+--------+--------+--------+--------+-----+--------+
         Total |   4177 |   4086 |     91 |    401 |   2799 |   5 |  835.4 |
       Dungeon |   4177 |   4086 |     91 |    401 |   2799 |   5 |  835.4 |
               +--------+--------+--------+--------+--------+-----+--------+

Top non-repeatable levels by time:
     D:2: 1264 daAuts
     D:4: 1062 daAuts
     D:1: 1016 daAuts
     D:3: 704 daAuts
     D:5: 128 daAuts
